 Dungeon Crawl Stone Soup version 0.29.1-15-g9cfb28693d (webtiles) character file.

Game seed: 4824892728758985583

8854 Alturiack the Nimble (level 11, -22/47 HPs)
             Began as a Spriggan Venom Mage on Apr 11, 2023.
             Was an Initiate of Okawaru.
             Killed from afar by a gargoyle (27 damage)
             ... with a stone arrow
             ... on level 10 of the Dungeon.
             The game lasted 00:54:36 (16860 turns).

Alturiack the Nimble (Spriggan Venom Mage)         Turns: 16860, Time: 00:54:38

Health: -22/47     AC:  6    Str:  4    XL:     11   Next: 15%
Magic:  11/28      EV: 26    Int: 26    God:    Okawaru [......]
Gold:   445        SH:  0    Dex: 17    Spells: 25/34 levels left

rFire   . . .      SeeInvis +   p - +10 short sword "Joetiap" {holy, Drain Will+ rCorr}
rCold   . . .      Faith    .   (no shield)
rNeg    . . .      Spirit   .   M - +0 steam dragon scales
rPois   .          Reflect  .   (helmet restricted)
rElec   .          Harm     .   v - +0 cloak
rCorr   +          Rampage  .   (gloves unavailable)
Will    ++...                   (boots unavailable)
Stlth   +++.......              (no amulet)
HPRegen 0.15/turn               E - +6 ring of intelligence
MPRegen 0.21/turn               (no ring)

@: very quick
A: very small, no large weapons, unfitting armour, see invisible, speed 3
a: Renounce Religion


You were on level 10 of the Dungeon.
You worshipped Okawaru.
Okawaru was noncommittal.
You visited 1 branch of the dungeon, and saw 10 of its levels.
You also visited: Ossuary.

You collected 445 gold pieces.

Inventory:

Hand Weapons
 p - the +10 short sword "Joetiap" (weapon) {holy, Drain Will+ rCorr}
   (You found it on level 2 of the Dungeon)

   It has been blessed by the Shining One to cause great damage to the undead
   and demons.
   rCorr:     It protects you from acid and corrosion.
   Drain:     It drains your maximum health when unequipped.
   Will:      It increases your willpower.
 q - a +0 sling
Missiles
 N - 3 boomerangs of dispersal (quivered)
Armour
 a - a +0 robe
 v - a +0 cloak (worn)
 D - an orb of mayhem
 G - a +0 robe of cold resistance
 M - +0 steam dragon scales (worn)
Jewellery
 e - a ring of fire
 E - a +6 ring of intelligence (left hand)
Wands
 r - a wand of digging (4)
 F - a wand of iceblast (16)
 I - a wand of flame (14)
 J - a wand of charming (8)
Scrolls
 c - 2 scrolls of noise {unknown}
 f - 2 scrolls of enchant weapon {unknown}
 g - 2 scrolls of blinking {unknown}
 h - 2 scrolls of silence {unknown}
 i - 2 scrolls of immolation {unknown}
 j - 7 scrolls of identify {unknown}
 n - 3 scrolls of enchant armour {unknown}
 t - 3 scrolls of teleportation {unknown}
 u - 2 scrolls of brand weapon {unknown}
 w - 2 scrolls of poison {unknown}
 y - a scroll of butterflies {unknown}
 z - 2 scrolls of vulnerability {unknown}
 B - a scroll of fear {unknown}
 L - a scroll of torment {unknown}
Potions
 b - 3 potions of magic
 d - 5 potions of curing
 k - 3 potions of lignification {unknown}
 l - 2 potions of haste {unknown}
 m - 3 potions of might {unknown}
 o - 6 potions of heal wounds {unknown}
 s - 2 potions of mutation {unknown}
 x - a potion of resistance {unknown}
 A - a potion of degeneration {unknown}
 C - a potion of attraction {unknown}
 H - a potion of cancellation {unknown}
 K - a potion of invisibility {unknown}


   Skills:
 + Level 7.4 Short Blades
 + Level 13.2 Dodging
 - Level 3.6 Stealth
 + Level 12.2 Spellcasting
 - Level 2.1 Transmutations
 - Level 7.9 Poison Magic


You had 25 spell levels left.
You knew the following spells:

 Your Spells              Type           Power      Damage    Failure   Level
a - Sting                 Tmut/Pois      100%       1d8       1%          1
b - Poisonous Vapours     Pois/Air       72%        N/A       1%          2
c - Olgreb's Toxic Radia  Pois           55%        N/A       1%          4
d - Blink                 Tloc           30%        N/A       5%          2

Your spell library contained the following spells:

 Spells                   Type           Power      Damage    Failure   Level
 Shock                    Conj/Air       60%        1d6       3%          1
 Mephitic Cloud           Conj/Pois/Air  29%        N/A       3%          3
 Lesser Beckoning         Tloc           15%        N/A       11%         3
 Portal Projectile        Hex/Tloc       30%        N/A       11%         3
 Swiftness                Air            15%        N/A       11%         3
 Airstrike                Air            7%         2d(2-18)  36%         4
 Anguish                  Hex/Necr       7%         N/A       36%         4
 Leda's Liquefaction      Hex/Erth       7%         N/A       36%         4
 Manifold Assault         Tloc           15%        N/A       71%         5
 Enfeeble                 Hex            7%         N/A       100%        7
 Call Canine Familiar     Summ           Unusable   N/A       N/A         3

Dungeon Overview and Level Annotations

Branches:
Dungeon (10/15)            Temple (0/1) D:4         Ossuary (visited)
   Lair: D:8-11         Orc: D:9-12

Altars:
Nemelex Xobeh
Okawaru
Qazlal
Wu Jian

Shops:
D:5 :   D:9 *

Annotations:
D:5 1 runed translucent door, vvl's ghost, amateur GrFi


Innate Abilities, Weirdness & Mutations

You are very small and have problems with some larger weapons.
You are too small for most types of armour.
You have supernaturally acute eyesight. (SInv)
You cover ground extremely quickly. (Speed+++)


Message History

Aim: a gargoyle, wielding a +0 morningstar (89% to hit)
The sting misses the gargoyle.
Your toxic aura wanes.
The gargoyle closely misses you.
Found a ring mail.
Casting: Sting (safe; 1% risk of failure)
Confirm with . or Enter, or press ? or * to list all spells.
Aiming: Sting (safe; 1% risk of failure)
Press: ? - help, Shift-Dir - straight line, f/p - gargoyle
Aim: a gargoyle, wielding a +0 morningstar (89% to hit)
The sting misses the gargoyle.
The gargoyle hurls a stone arrow at you.
The stone arrow misses you.
Found a gnarled glowing staff.
Found a book of Changes.
Casting: Sting (safe; 1% risk of failure)
Confirm with . or Enter, or press ? or * to list all spells.
Aiming: Sting (safe; 1% risk of failure)
Press: ? - help, Shift-Dir - straight line, f/p - gargoyle
Aim: a gargoyle, wielding a +0 morningstar (89% to hit)
The sting hits the gargoyle but does no damage.
You hit the gargoyle.
The gargoyle is lightly damaged.
The gargoyle hurls a stone arrow at you.
The stone arrow hits you!
You hit the gargoyle but do no damage.
The gargoyle is lightly damaged.
The gargoyle hurls a stone arrow at you.
The stone arrow hits you!!
Ouch! That really hurt!
* * * LOW HITPOINT WARNING * * *
A seven-headed hydra comes into view.
A gnoll comes into view. It is wielding a +0 flail.
The gargoyle hurls a stone arrow at you.
The stone arrow misses you.
An orc comes into view. It is wielding a +0 dagger.
The gargoyle hurls a stone arrow at you.
The stone arrow hits you!!
Ouch! That really hurt!
You die...

#.# #.# o #.####.# .) .#
..................
..########......##.#.......
............##............
...:........##..........##.
.g........@................
........9...###............
.......D..#................
..........#.........<...# >
...|.............####.### .
...........>..†..####.## #
.......................## #
.....................[..###
......#.....#.....#..)?...#


You could see a seven-headed hydra and a gargoyle.

Vanquished Creatures
  2 two-headed ogres
  Pikel (D:4)
  The ghost of Athtar the Grappler, a novice DrTm (D:6)
  Maggie (D:9)
  A komodo dragon (D:10)
  2 trolls (D:9)
  Prince Ribbit (D:7)
  Sigmund (D:3)
  A shadow (D:10)
  13 yaks
  Eustachio (D:6)
  A wyvern (D:10)
  Menkaure (D:7)
  A water moccasin (D:5)
  3 orc warriors
  An ice beast (D:7)
  3 ogres
  2 centaurs (D:10)
  A phantom (D:4)
  A kobold brigand (D:9)
  3 bullfrogs
  A necrophage (D:6)
  A gnoll sergeant (D:10)
  A water moccasin zombie (Ossuary)
  6 wights
  16 killer bees
  A howler monkey (D:5)
  3 hounds
  A jelly (D:8)
  An orc priest (D:9)
  An iguana (D:6)
  6 orc wizards
  2 mummies (Ossuary)
  4 gnolls (D:10)
  8 adders
  A river rat (D:5)
  A shadow imp (D:7)
  A white imp (D:6)
  5 ufetubi
  An adder zombie (Ossuary)
  2 worms
  2 dart slugs
  24 orcs
  3 ball pythons
  8 endoplasms
  6 giant cockroaches
  5 gnoll zombies (Ossuary)
  5 hobgoblins
  3 jackals (D:4)
  4 quokkas
  9 bats
  3 frilled lizards
  9 goblins
  8 hobgoblin zombies (Ossuary)
  16 kobolds
  4 kobold zombies (Ossuary)
  6 orc zombies (Ossuary)
  2 rats
222 creatures vanquished.

Notes
Turn   | Place    | Note
-------+----------+-------------------------------------------
     0 | D:1      | Alturiack the Spriggan Venom Mage began the quest for the
                  | Orb.
     0 | D:1      | Reached XP level 1. HP: 9/9 MP: 5/5
   209 | D:1      | Reached XP level 2. HP: 13/13 MP: 3/6
   320 | D:1      | Reached skill level 3 in Dodging
   740 | D:1      | Found a faded altar of an unknown god.
  1062 | D:2      | Reached XP level 3. HP: 16/16 MP: 4/8
  1851 | D:2      | Identified the +10 short sword "Joetiap" {holy, Drain Will+
                  | rCorr}
  2022 | D:2      | Reached XP level 4. HP: 16/21 MP: 7/10
  2431 | D:3      | Learned a level 2 spell: Poisonous Vapours
  2449 | D:3      | Reached skill level 4 in Dodging
  3238 | D:3      | Noticed Sigmund
  3314 | D:3      | Found an iron altar of Okawaru.
  3574 | D:3      | Killed Sigmund
  3575 | D:3      | Reached skill level 5 in Dodging
  3575 | D:3      | Reached XP level 5. HP: 13/24 MP: 2/13
  3575 | D:3      | Reached XP level 6. HP: 15/28 MP: 2/14
  5432 | D:4      | Reached skill level 5 in Spellcasting
  5872 | D:4      | Found a staircase to the Ecumenical Temple.
  5880 | D:4      | Noticed Pikel
  5934 | D:4      | Killed Pikel
  5935 | D:4      | Reached skill level 6 in Dodging
  5935 | D:4      | Reached skill level 5 in Poison Magic
  5935 | D:4      | Reached XP level 7. HP: 22/32 MP: 5/17
  6039 | D:4      | Reached skill level 7 in Dodging
  6193 | D:4      | Learned a level 4 spell: Olgreb's Toxic Radiance
  6411 | D:4      | Found an ornate altar of the Wu Jian Council.
  6415 | D:4      | Found a stormy altar of Qazlal.
  6422 | D:4      | Found a sparkling altar of Nemelex Xobeh.
  6696 | D:5      | Entered Level 5 of the Dungeon
  6696 | D:5      | Found a sand-covered staircase.
  6703 | Ossuary  | Entered an ossuary
  7109 | Ossuary  | Reached XP level 8. HP: 12/36 MP: 19/19
  7709 | D:5      | Found a runed translucent door.
  7713 | D:5      | Noticed vvl's ghost (amateur GrFi)
  8641 | D:5      | Found Omnycoy's Book Shop.
  8870 | D:6      | Found a large runed translucent door.
  8870 | D:6      | Found a large runed translucent door.
  8879 | D:6      | Noticed Athtar's ghost (novice DrTm)
  8963 | D:6      | You fall into a shaft and drop 2 floors!
  9036 | D:8      | Reached skill level 8 in Dodging
  9190 | D:8      | Reached skill level 9 in Dodging
  9456 | D:8      | Reached XP level 9. HP: 18/38 MP: 22/22
 10074 | D:7      | Noticed Prince Ribbit
 10084 | D:7      | Killed Prince Ribbit
 10127 | D:7      | Noticed Menkaure
 10139 | D:7      | Killed Menkaure
 10560 | D:7      | Reached skill level 10 in Dodging
 10779 | D:6      | Reached skill level 1 in Short Blades
 11347 | D:6      | Noticed Eustachio
 11372 | D:6      | Killed Eustachio
 11667 | D:6      | Killed Athtar's ghost
 11668 | D:6      | Reached skill level 10 in Spellcasting
 12225 | D:9      | Reached skill level 11 in Dodging
 12236 | D:9      | Reached XP level 10. HP: 44/44 MP: 15/25
 12324 | D:9      | Noticed a two-headed ogre
 12373 | D:9      | Killed a two-headed ogre
 12519 | D:9      | Reached skill level 5 in Short Blades
 12945 | D:9      | Reached skill level 12 in Dodging
 13208 | D:9      | Found Qonesk's Gadget Gallery.
 14037 | D:9      | Noticed Maggie
 14075 | D:9      | Killed Maggie
 14192 | D:10     | Entered Level 10 of the Dungeon
 14209 | D:10     | Noticed a two-headed ogre
 14244 | D:10     | Killed a two-headed ogre
 14272 | D:10     | Reached XP level 11. HP: 7/46 MP: 8/27
 14591 | D:10     | Reached skill level 13 in Dodging
 15128 | D:9      | Learned a level 2 spell: Blink
 16580 | D:3      | Became a worshipper of Warmaster Okawaru
 16849 | D:10     | Noticed a seven-headed hydra
 16860 | D:10     | Killed from afar by a gargoyle

Illustrated notes

Levels and vault maps discovered:
D:1:      eino_arrival_druids_welcome, layout_rooms,
          hellmonk_ecumenical_altar_zigzags
D:2:      layout_loops_corners, minmay_between
D:3:      layout_loops_corners, okawaru_ov_weapons_minmay,
          minmay_misc_feat_encased, kennysheep_nondescript, uniq_sigmund
D:4:      layout_loops_ring, minmay_overflow_temple_star_quad,
          minmay_temple_entry_hall, uniq_pikel
D:5:      layout_loops_ring, serial_co_window_serial, co_window_paths_a,
          co_window_paths_b, co_window_paths_a, co_window_corner_a,
          co_window_corner_a, co_window_cross_1, co_window_of_opportunity_c,
          co_window_broadway_c, co_window_2corner, co_window_2corner,
          co_window_corner_b, glass_columns_a, glass_columns_c, glass_columns_b,
          glass_columns_a, glass_columns_c, gup_sewer_entry_spiral,
          enter_ossuary_1, gammafunk_ghost_grave, serial_shops,
          nicolae_shop_stone
D:6:      layout_basic, ebering_ghost_disaster_area, uniq_eustachio
D:7:      layout_cave_pools, uniq_menkaure, uniq_prince_ribbit1
D:8:      layout_cave_pools
D:9:      layout_long_grid, nicolae_shop_gadgets, uniq_maggie
D:10:     hangedman_cross_stitches, layout_rooms, dpeg_oklobed_lair, david_orc_3

Skill      XL: |  1  2  3  4  5  6  7  8  9 10 11 |
---------------+----------------------------------+-----
Dodging        | 3 5 6 7 9 11 12 13 | 13.2
Spellcasting   | 3 4 6 8 10 11 12 | 12.2
Transmutations | 2 |  2.1
Poison Magic   | 4 5 6 7 |  7.9
Short Blades   | 4 7 |  7.4
Stealth        | |  3.6

Action                   |  1- 3 |  4- 6 |  7- 9 | 10-12 || total
-------------------------+-------+-------+-------+-------++-------
Melee: Short sword       |     5 |    40 |   162 |    15 ||   222
       Punch             |       |       |     2 |       ||     2
 Cast: Sting             |    66 |    17 |    54 |    47 ||   184
       Poisonous Vapours |       |    12 |    76 |    56 ||   144
       Olgreb's Toxic Ra |       |       |    16 |    29 ||    45
       Blink             |       |       |       |     1 ||     1
 Stab: Sleeping          |       |     1 |     5 |       ||     6
Armor: Robe              |     3 |     1 |     6 |       ||    10
       Steam dragon scal |       |       |       |     3 ||     3
Dodge: Dodged            |    35 |    38 |   137 |    65 ||   275
